 Dungeon Crawl Stone Soup version 0.31.0-11-ge490571c62 (webtiles) character file.

Game seed: 9495734771561086753

56 Arcadio the Sneak (level 3, -6/33 HPs)
             Began as a Draconian Delver on Jan 30, 2024.
             Splashed by a jelly's acid (9 damage)
             ... on level 5 of the Dungeon.
             The game lasted 00:00:48 (396 turns).

Arcadio the Sneak (Draconian Delver)                 Turns: 396, Time: 00:00:50

Health: -6/33      AC:  1    Str: 16    XL:     3   Next: 69%
Magic:  3/3        EV: 12    Int: 10    God:
Gold:   19         SH:  0    Dex: 12    Spells: 2/2 levels left

rFire   . . .        a - +0 mace
rCold   . . .        (no shield)
rNeg    . . .        (body armour unavailable)
rPois   .            (helmet restricted)
rElec   .            (no cloak)
rCorr   .            (no gloves)
SInv    .            (no boots)
Will    .....        (no amulet)
Stlth   +++          (no ring)
HPRegen 0.25/turn    (no ring)
MPRegen 0.08/turn

%: no passive effects
@: corroded
A: AC +5, unfitting armour, cold-blooded
a: no special abilities


You were on level 5 of the Dungeon.
You visited 1 branch of the dungeon, and saw 1 of its levels.

You collected 19 gold pieces.

Inventory:

Hand Weapons
 a - a +0 mace (weapon)
Wands
 f - a wand of digging (3)
Scrolls
 b - a scroll of fog
 c - a scroll of revelation
 d - a scroll of fear
Potions
 e - a potion of haste


   Skills:
 + Level 4.0 Fighting
 + Level 2.8 Maces & Flails
 + Level 2.5 Dodging
 - Level 4.5 Stealth


You had 2 spell levels left.
You didn't know any spells.
Your spell library was empty.

Dungeon Overview and Level Annotations

Branches:
Dungeon (5/15)
 Temple: D:4-7

Altars:
Xom


Innate Abilities, Weirdness & Mutations

Your plain brown scales are hard. (AC +5)
You cannot fit into any form of body armour.
You are cold-blooded and may be slowed by cold attacks.


Message History

The sleepcap releases spores at you.
You hit the sleepcap.
The sleepcap is heavily damaged.
The sleepcap releases spores at you but does no damage. x2
You hit the sleepcap.
The sleepcap is severely damaged.
The jelly quivers.
The sleepcap releases spores at you but does no damage.
You hit the sleepcap but do no damage.
The sleepcap is severely damaged.
The sleepcap closely misses you.
You hit the sleepcap.
The sleepcap is severely damaged.
The sleepcap releases spores at you.
You are engulfed in a cloud of soporific spores!
You fall asleep.
The sleepcap releases spores at you.
You wake up.
You hit the sleepcap.
The sleepcap is almost destroyed.
The sleepcap misses you. The jelly hits you but does no damage.
The jelly closely misses you. The sleepcap releases spores at you!
You hit the sleepcap.
The sleepcap is almost destroyed.
The sleepcap misses you. The jelly hits you. The acid corrodes you!
You are splashed with acid!
You hit the sleepcap.
You destroy the sleepcap!
The jelly hits you but does no damage.
Your Fighting skill increases to level 4!
You hit the jelly.
Your hands burn!
The jelly is moderately wounded.
The jelly hits you but does no damage.
You hit the jelly but do no damage.
Your hands burn!
* * * LOW HITPOINT WARNING * * *
Your tail-slap misses the jelly.
The jelly is moderately wounded.
The jelly misses you. The jelly hits you.
* * * LOW HITPOINT WARNING * * *
You are splashed with acid!
You die...

#.....#.
......
.....# ....#
.... #..#
#.J#
#######@.#
#........##
#.).......#
#..###...#.#
#..#
.#..##?#
#..##.#..#
.# ##
##..##.##...
( B. #...###
.#.# # #.
#...# >.##
#.


You could see a jelly.

Vanquished Creatures
  A hound (D:5)
  A sleepcap (D:5)
  A butterfly (D:5)
3 creatures vanquished.

Notes
Turn   | Place    | Note
-------+----------+-------------------------------------------
     0 | D:5      | Arcadio the Draconian Delver began the quest for the Orb.
     0 | D:5      | Reached XP level 1. HP: 19/19 MP: 1/1
    12 | D:5      | Noticed a sleepcap
    77 | D:5      | Found a shimmering altar of Xom.
    84 | D:5      | Noticed a bombardier beetle
   100 | D:5      | Noticed a hound
   111 | D:5      | Killed a hound
   112 | D:5      | Reached XP level 2. HP: 12/27 MP: 2/2
   112 | D:5      | Reached XP level 3. HP: 14/33 MP: 3/3
   396 | D:5      | Splashed by a jelly's acid

Illustrated notes

Levels and vault maps discovered:
D:5:      layout_loops_ring, xom_butterflies, serial_shops, shop,
          nrook_mini_vaults, uniq_blork_the_orc, uniq_menkaure

Skill      XL: |  1  2  3 |
---------------+----------+-----
Dodging        | 2 |  2.5
Fighting       | 4 |  4.0
Maces & Flails | |  2.8
Stealth        | |  4.5

Action                     || total
---------------------------++-------
  Melee: Mace              ||    22
         Tailslap          ||     1
   Stab: Sleeping          ||     1
 Armour: Skin              ||    20
  Dodge: Dodged            ||    14
